 Dungeon Crawl Stone Soup version 0.31.0-2-g5a2aebc5c2 (webtiles) character file.

Game seed: 911286079774757339

1939551 bakla the Spry (level 21, 126/126 HPs)
             Began as a Felid Alchemist on Jan 20, 2024.
             Was a High Priest of Wu Jian.
             Escaped with the Orb
             ... and 3 runes
             ... and 2 gems!
             The game lasted 02:19:05 (51812 turns).

bakla the Spry (Felid Alchemist)                   Turns: 51812, Time: 02:19:06

Health: 126/126    AC:  3    Str: 16    XL:     21   Next: 81%
Magic:  38/38      EV: 38    Int: 21    God:    Wu Jian [*****.]
Gold:   1727       SH:  0    Dex: 18    Spells: 17/30 levels left
                                        Lives:  1   Deaths: 6

rFire   + .          .
                       - Unarmed
rCold   + . .        (shield unavailable)
rNeg    + . .        (body armour unavailable)
rPois   .            (helmet unavailable)
rElec   .            (cloak unavailable)
rCorr   .            (gloves unavailable)
SInv    +            (boots unavailable)
Will    ++++.        R - amulet of regeneration
Stlth   ++           k - ring of Iduodghy {rF+ rN+ Will+ MP+9 Str+6}
HPRegen 1.21/turn    S - +5 ring of evasion
MPRegen 0.26/turn

%: no passive effects
@: maw-form, studying Summonings
A: devouring maw, very small, claws 1, fangs 3, see invisible, shaggy fur 3,
stealthy paws, no weapons or thrown items, no armour, multi-lived, horns 2,
deterioration 1, weak 1, persistent drain
0: Orb of Zot
}: 3/15 runes: decaying, serpentine, abyssal
a: Begin Untransformation, Renounce Religion, Wall Jump, Serpent's Lash,
Heavenly Storm


You escaped.
You worshipped Wu Jian.
Wu Jian was extremely pleased with you.
You were a creature with a mouth for a stomach.
You visited 10 branches of the dungeon, and saw 46 of its levels.
You visited the Abyss 2 times.
You also visited: Bailey.

You collected 4470 gold pieces.
You spent 2743 gold pieces at shops.

Inventory:

Jewellery
 f - an amulet of the acrobat
 k - the ring of Iduodghy (left paw) {rF+ rN+ Will+ MP+9 Str+6}
   (You found it on level 4 of the Dungeon)

   [ring of strength]

   Str+6:     It affects your strength (+6).
   rF+:       It protects you from fire.
   rN+:       It protects you from negative energy.
   Will+:     It increases your willpower.
   MP+9:      It affects your magic capacity (+9).
 n - a ring of flight
 R - an amulet of regeneration (around neck)
 S - a +5 ring of evasion (right paw)
 T - the ring of Sinwios {rPois rF+ SInv}
   (You took it off a deep elf master archer on level 3 of the Elven Halls)

   [ring of poison resistance]

   rF+:       It protects you from fire.
   rPois:     It protects you from poison SInv: It lets you see invisible.
 V - a ring of willpower
Talismans
 q - a granite talisman
 M - a maw talisman (active)
Wands
 c - a wand of mindburst (4)
 m - a wand of roots (25)
 o - a wand of polymorph (20)
 B - a wand of paralysis (12)
 G - a wand of flame (51)
 P - a wand of digging (3)
 Q - a wand of quicksilver (3)
Scrolls
 d - 5 scrolls of fog
 j - 3 scrolls of amnesia
 p - 6 scrolls of silence
 s - 12 scrolls of identify
 t - 2 scrolls of blinking
 u - 9 scrolls of teleportation
 w - 9 scrolls of immolation
 y - 2 scrolls of poison
 E - 4 scrolls of vulnerability
 K - a scroll of fear
Potions
 a - 2 potions of magic
 b - 3 potions of lignification
 h - 6 potions of resistance
 l - 10 potions of mutation
 r - 4 potions of enlightenment
 A - 2 potions of brilliance
 C - 2 potions of berserk rage
 H - 4 potions of attraction
 I - 5 potions of curing
 N - a potion of invisibility
Miscellaneous
 e - a box of beasts
 v - a lightning rod (4/4)


   Skills:
 + Level 19.3 Fighting
 - Level 19.8 Dodging
 - Level 15.0 Stealth
 + Level 19.2 Unarmed Combat
 - Level 5.0 Spellcasting
 - Level 2.0 Conjurations
 - Level 2.0 Air Magic
 - Level 5.0 Alchemy
 - Level 4.0 Evocations
 + Level 19.6 Shapeshifting


You had 17 spell levels left.
You knew the following spells:

 Your Spells              Type           Power      Damage    Failure   Level
a - Sting                 Conj/Alch      76%        1d7       2%          1
b - Mercury Vapours       Alch/Air       38%        N/A       3%          2
c - Mephitic Cloud        Conj/Alch/Air  17%        N/A       10%         3
d - Olgreb's Toxic Radia  Alch           26%        N/A       14%         4
e - Tukima's Dance        Hex            5%         N/A       32%         3

Your spell library contained the following spells:

 Spells                   Type           Power      Damage    Failure   Level
 Foxfire                  Conj/Fire      36%        2x1d5     7%          1
 Kiss of Death            Conj/Necr      36%        2d8       7%          1
 Sandblast                Erth           10%        2d5       11%         1
 Summon Small Mammal      Summ           20%        N/A       11%         1
 Call Imp                 Summ           10%        N/A       16%         2
 Jinxbite                 Hex            10%        N/A       16%         2
 Sublimation of Blood     Necr           5%         N/A       16%         2
 Dazzling Flash           Conj/Hex       18%        N/A       22%         3
 Stone Arrow              Conj/Erth      18%        3d8       22%         3
 Fulminant Prism          Conj/Alch      9%         3d7       26%         4
 Call Canine Familiar     Summ           5%         N/A       32%         3
 Confusing Touch          Hex            5%         N/A       32%         3
 Fugue of the Fallen      Necr           5%         N/A       32%         3
 Inner Flame              Hex/Fire       5%         N/A       32%         3
 Ozocubu's Armour         Ice            5%         N/A       32%         3
 Passwall                 Erth           5%         N/A       32%         3
 Sigil of Binding         Hex            5%         N/A       32%         3
 Volatile Blastmotes      Fire/Tloc      10%        2d10      32%         3
 Ignite Poison            Fire/Alch      15%        N/A       36%         4
 Sticky Flame             Fire/Alch      15%        2d5       36%         4
 Brom's Barrelling Bould  Conj/Erth      9%         2d3       56%         4
 Animate Dead             Necr           5%         N/A       71%         4
 Cause Fear               Hex            2%         N/A       71%         4
 Dispel Undead            Necr           5%         3d7       71%         4
 Manifold Assault         Tloc           5%         N/A       71%         4
 Martyr's Knell           Necr/Summ      5%         N/A       71%         4
 Passage of Golubria      Tloc           5%         N/A       71%         4
 Summon Blazeheart Golem  Fire/Summ      5%         N/A       71%         4
 Yara's Violent Unravell  Hex/Alch       7%         3d5       71%         5
 Fireball                 Conj/Fire      4%         3d4       89%         5
 Borgnjor's Vile Clutch   Necr/Erth      2%         N/A       96%         5
 Lee's Rapid Deconstruct  Erth           2%         3d5*      96%         5
 Metabolic Englaciation   Hex/Ice        2%         N/A       96%         5
 Summon Forest            Summ/Tloc      2%         N/A       96%         5
 Summon Mana Viper        Hex/Summ       5%         N/A       96%         5
 Sculpt Simulacrum        Ice/Alch       7%         N/A       99%         6
 Death Channel            Necr           2%         N/A       100%        6
 Starburst                Conj/Fire      4%         6d4       100%        6
 Summon Cactus Giant      Summ           2%         N/A       100%        6
 Enfeeble                 Hex            2%         N/A       100%        7
 Haunt                    Necr/Summ      2%         N/A       100%        7
 Ozocubu's Refrigeration  Ice            2%         4d8       100%        7
 Spellforged Servitor     Conj/Summ      4%         N/A       100%        7
 Summon Hydra             Summ           2%         N/A       100%        7
 Maxwell's Capacitive Co  Air            6%         ∞         100%        8
 Dragon's Call            Summ           2%         N/A       100%        9
 Fire Storm               Conj/Fire      4%         8d1       100%        9
 Polar Vortex             Ice            2%         N/A       100%        9
 Animate Armour           Summ/Erth      Unusable   N/A       N/A         4
 Dimensional Bullseye     Hex/Tloc       Unusable   N/A       N/A         4

Dungeon Overview and Level Annotations

Branches:
Dungeon (15/15)            Temple (1/1) D:4            Lair (5/5) D:9
  Swamp (4/4) Lair:2        Snake (4/4) Lair:2        Slime (0/5) Lair:4
    Orc (2/2) D:10            Elf (3/3) Orc:2        Vaults (3/5) D:13
 Depths (4/4) D:15            Zot (5/5) Depths:4     Bailey (visited)
  Crypt: Vaults:2-3

Altars:
Ashenzari
Cheibriados
Dithmenos
Elyvilon
Fedhas
Gozag
Hepliaklqana
Kikubaaqudgha
Makhleb
Nemelex Xobeh
Okawaru
Qazlal
Ru
Sif Muna
Trog
Uskayaw
Vehumet
Wu Jian
Xom
Yredelemnul
Zin
The Shining One
Jiyva

Shops:
D:7 !   Orc:2 ?*![   Elf:1 (*(   Elf:2 :   Snake:1 *   Snake:3 ?*[=[

Portals:
Hell: Depths:2 Depths:3
Abyss: Depths:3
Pandemonium: Depths:2 Depths:3

Annotations:
D:6 1 runed translucent door, PaiMei's ghost, novice DsNe
D:12 Nessos
Lair:5 2 runed translucent doors
Swamp:3 3 runed translucent doors, puppykicker's ghost, adept FoCA
Orc:2 2 transporters, terwaltz's ghost, journeyman FoCA
Elf:2 3 runed translucent doors
Elf:3 2 runed translucent doors, Doblui's ghost, adept MiFi
Zot:2 exclusion: 2 upstairs
Zot:3 exclusion: 2 upstairs
Zot:4 1 transporter, exclusion: 3 upstairs


Innate Abilities, Weirdness & Mutations

You are a creature with a mouth for a stomach.
Your midsection houses a second, enormous mouth.
You have sharp claws.
You have razor-sharp teeth.
You have supernaturally acute eyesight. (SInv)
Your thick and shaggy fur keeps you warm. (AC +3, rC+)
Your paws help you pounce on unaware monsters.
You are incapable of wielding weapons or throwing items.
You cannot wear armour.
You gain extra lives every three experience levels.
You have a pair of horns on your head.
Your body sometimes deteriorates upon taking damage.
You are weak. (Str -2)
Your health recovers twice as slowly from being drained.


Message History

An Orb Guardian is nearby!
You lunge at the Orb Guardian, in a flurry of attacks.
You claw the Orb Guardian!
You bite the Orb Guardian, but do no damage.
The Orb Guardian is lightly wounded.
You closely miss the Orb Guardian.
You headbutt the Orb Guardian, but do no damage.
You claw the Orb Guardian, but do no damage.
You bite the Orb Guardian, but do no damage. x2
The Orb Guardian is lightly wounded.
The Orb Guardian barely misses you.
Unknown command.
Unknown command.
You spin and attack the Orb Guardian.
You scratch the Orb Guardian but do no damage.
Your headbutt misses the Orb Guardian.
You bite the Orb Guardian, but do no damage.
The Orb Guardian is lightly wounded.
The Orb Guardian closely misses you. The Orb Guardian completely misses you.
The Orb Guardian barely misses you.
The Orb Guardian attacks as it pursues you!
The Orb Guardian misses you. x2
Your muscles tense, ready for explosive movement...
Your supernatural speed expires.
You see here a +0 dagger.
There is a stone staircase leading up here.
You climb upwards.
There is a stone staircase leading down here.
What level of the Dungeon? (default 1, ? - help)
You feel less exhausted.
There is a stone staircase leading up here.
You climb upwards.
There is a stone staircase leading down here.
What level of the Dungeon? (default 1, ? - help)
You see here 7 stones.
An ice devil comes into view.
You see here a +0 hand axe.
A shadow demon comes into view.
There is a staircase leading out of the dungeon here.
You have escaped!

#.### #.#######....)....P.....
#.# #####.....########....P. #.#
#...#.....#.!.## #P...P. #.#
##.8.#.....#.8.## #.PPP.# # #.#
#$..#.....#...## #######
###.##########.....###### #.
........................# #.
...#####................# #. ...#
#........W....4..# #. ...#
#.............)..########. ...#
##................)........ ...#
#..#####.....#############.
...####..#...#.....#...#.........
.........#.8.#.....#.8.#2########
..######.#...#.....#...#.## ..#
#.#####.....#####..## ..#
#.#.####..#.#.......####


You could see an ice devil.

Vanquished Creatures
  5 dread liches (Zot:5)
  An ancient lich (Zot:5)
  6 orbs of fire (Zot:5)
  3 Killer Klowns (Zot:5)
  2 curse toes (Zot:5)
  3 golden dragons
  A Brimstone Fiend (Zot:2)
  3 electric golems (Zot:5)
  Rupert (Lair:5)
  4 tentacled monstrosities
  2 deep elf blademasters (Elf:3)
  Jorgrun (D:12)
  21 Orb Guardians (Zot:5)
  Asterion (Elf:1)
  2 deep elf master archers (Elf:3)
  Gastronok (Lair:2)
  3 tentacled starspawn (Abyss:3)
  3 shadow dragons
  3 storm dragons
  2 death cobs
  Donald (Elf:1)
  Agnes (Snake:2)
  Roxanne (Swamp:3)
  Aizul (Snake:3)
  6 nagarajas
  2 fenstrider witches (Swamp:4)
  3 fire giants
  2 draconian knights (Zot:5)
  A draconian monk (Zot:5)
  3 deep elf sorcerers (Elf:3)
  2 vault wardens
  A draconian scorcher (Zot:5)
  2 frost giants
  A draconian shifter (Zot:5)
  5 deep elf elementalists (Elf:3)
  4 ghost moths
  A balrug (Zot:2)
  2 draconian stormcallers
  A cacodemon (Depths:3)
  A demonspawn corrupter (Zot:2)
  An ironbound preserver (Vaults:3)
  2 very ugly things
  A draconian annihilator (Depths:4)
  2 deep elf death magi (Elf:3)
  A vampire knight (Depths:3)
  3 green draconians
  3 stone giants
  9 deep elf demonologists
  2 lorocyprocas
  4 deep elf annihilators
  7 bunyips
  3 black draconians
  3 eleionomae
  3 white draconians
  4 yellow draconians
  3 purple draconians
  2 red draconians
  Snorg (Lair:5)
  Azrael (D:12)
  2 blizzard demons
  2 ettins
  3 green deaths
  2 crystal guardians (Vaults:3)
  2 deep elf high priests (Elf:3)
  4 fire dragons
  An entropy weaver (Vaults:3)
  2 great orbs of eyes
  7 vault guards
  A peacekeeper (Vaults:3)
  10 alligators
  A rakshasa (D:15)
  A merfolk avatar (Abyss:3)
  16 anacondas
  2 catoblepae
  5 centaur warriors
  3 boulder beetles
  An ogre mage (Swamp:4)
  15 hydras
  2 ghost crabs
  A two-headed ogre (shapeshifter) (D:15)
  5 two-headed ogres
  20 naga warriors
  19 dancing weapons
  2 deep troll shamans (Depths:3)
  3 death yaks (Lair:5)
  13 naga sharpshooters
  2 deep troll earth magi (Depths:4)
  7 shock serpents
  3 spriggan berserkers
  3 tengu warriors
  A vampire mage (Abyss:3)
  Urug (Lair:5)
  8 orc high priests
  2 sun demons (Zot:2)
  2 thrashing horrors (Abyss:3)
  2 occultists (Depths:3)
  2 soul eaters
  8 deep elf knights
  A wretched star (Abyss:3)
  4 salamander mystics (Snake:4)
  14 spriggans
  Nergalle (D:12)
  A skyshark (Lair:2)
  2 sixfirhies (Swamp:4)
  3 goliath frogs
  13 deep trolls
  A golden dragon zombie (Depths:2)
  A large abomination (Abyss:3)
  5 spriggan druids
  7 mana vipers
  A glowing orange brain (Depths:2)
  3 shadow demons (Abyss:3)
  An arcanist (Vaults:3)
  4 bog bodies (Swamp:1)
  3 ironbound convokers
  10 deep elf archers
  6 swamp dragons
  3 lindwurms
  6 naga ritualists
  2 phantasmal warriors (Depths:4)
  6 orc knights (Orc:2)
  Pikel (D:5)
  5 orc sorcerers
  12 deep elf zephyrmancers
  13 starcursed masses (Abyss:3)
  20 deep elf pyromancers
  A necromancer (Depths:2)
  10 cyclopes
  5 will-o-the-wisps
  Maurice (D:8)
  15 salamanders
  17 ugly things
  A worldbinder (Abyss:3)
  A centaur zombie (D:8)
  11 moths of wrath
  2 kobold blastminers (Orc:1)
  Joseph (D:7)
  A titan simulacrum (Depths:2)
  37 black mambas
  11 elephants
  19 naga magi
  2 apocalypse crabs (Abyss:3)
  3 molten gargoyles (Lair:5)
  16 guardian serpents
  2 rust devils
  A smoke demon (Swamp:4)
  A torpor snail (shapeshifter) (Depths:1)
  3 centaur skeletons (D:8)
  3 vault sentinels
  3 gargoyles
  9 komodo dragons
  9 cane toads
  2 orange demons (Swamp:4)
  2 rime drakes
  A spriggan zombie (Depths:2)
  4 kobold demonologists
  2 unseen horrors
  2 tengu conjurers
  A tormentor (Depths:2)
  An ancient zyme (Abyss:3)
  An anaconda simulacrum (Swamp:2)
  6 yaktaurs
  12 tyrant leeches
  3 hellwings
  14 hornets
  A bloated husk (Swamp:1)
  3 trolls
  4 polar bears
  5 raiju (Abyss:3)
  2 alligator simulacra (Swamp:2)
  7 dream sheep
  10 blink frogs
  16 slime creatures
  2 shadows
  3 water elementals
  4 air elementals
  A wraith (D:9)
  A dire elephant simulacrum (Swamp:2)
  41 yaks
  2 vampires
  A hog (shapeshifter) (D:13)
  8 wyverns
  A ynoxinul (Depths:2)
  4 wargs (Orc:2)
  Grum (D:11)
  5 basilisks
  A neqoxec (Abyss:3)
  7 fire elementals
  5 chaos spawn (Swamp:4)
  10 vampire mosquitoes
  A minotaur simulacrum (Swamp:2)
  2 steam dragons (Lair:5)
  A harpy simulacrum (Swamp:2)
  16 swamp worms
  39 nagas
  2 acid dragons
  A swamp worm (shapeshifter) (Depths:3)
  10 water moccasins
  34 orc warriors
  7 hell hounds
  A swamp drake (Swamp:2)
  2 ice beasts
  3 black bears
  3 boggarts
  2 laughing skulls (D:13)
  5 ogres
  13 centaurs
  9 wolves
  2 phantoms
  2 lemures (D:5)
  8 bullfrogs
  3 kobold brigands (D:9)
  2 earth elementals
  2 scorpions
  A glowing shapeshifter simulacrum (Depths:2)
  5 wights
  2 lindwurm simulacra (Swamp:2)
  11 killer bees (D:10)
  6 vampire bats (Bailey)
  4 howler monkeys
  6 wolf zombies (Bailey)
  6 electric eels
  5 lava snakes (Lair:5)
  8 hounds
  4 jellies (D:8)
  24 orc priests
  2 bombardier beetles (D:5)
  A gnoll bouda (D:9)
  An iron imp (Abyss:3)
  2 sleepcaps
  16 orc wizards
  13 gnolls
  4 adders
  4 shadow imps
  5 white imps
  A dart slug (D:4)
  3 ribbon worms
  78 orcs
  8 ball pythons
  2 bats
  4 endoplasms
  A giant cockroach (D:3)
  9 goblins
  13 hobgoblins
  10 jackals
  23 kobolds
  3 quokkas
  4 frilled lizards
  21 orc zombies (Bailey)
  5 rats
  A spectral hobgoblin (D:7)
  3 starspawn tentacles (Abyss:3)
1369 creatures vanquished.

Vanquished Creatures (collateral kills)
  A tentacled monstrosity (Swamp:4)
  2 cane toads
  A spriggan (Swamp:2)
  A bullfrog (Lair:2)
5 creatures vanquished.

Vanquished Creatures (others)
  A tengu reaver (Depths:4)
  2 storm dragons (Depths:4)
  A draconian knight (Depths:4)
  2 very ugly things (Depths:4)
  A stone giant (Depths:4)
  A white draconian (Depths:4)
  A purple draconian (Depths:4)
  A deep elf knight (Elf:2)
  A spriggan berserker (Depths:4)
  A naga ritualist (Snake:4)
  An ugly thing (Depths:4)
  2 deep elf zephyrmancers (Elf:3)
  A naga mage (Snake:4)
  2 bloated husks
  A golden eye (Abyss:3)
  A naga (Snake:4)
  A black bear (shapeshifter) (Elf:2)
  A gnoll sergeant (D:12)
  A lava snake (Lair:5)
  An orc priest (D:8)
  A kobold (D:12)
  21 foxfires
  A lurking horror (Abyss:3)
  4 starspawn tentacles (Abyss:3)
51 creatures vanquished.

Grand Total: 1425 creatures vanquished

Notes
Turn   | Place    | Note
-------+----------+-------------------------------------------
     0 | D:1      | bakla the Felid Alchemist began the quest for the Orb.
     0 | D:1      | Reached XP level 1. HP: 9/9 MP: 4/4
   113 | D:1      | Reached skill level 1 in Conjurations
   244 | D:1      | Reached XP level 2. HP: 14/14 MP: 3/6
   278 | D:1      | Learned a level 2 spell: Mercury Vapours
   582 | D:1      | Reached skill level 1 in Unarmed Combat
   631 | D:1      | Reached skill level 1 in Fighting
   633 | D:1      | Reached XP level 3. HP: 17/18 MP: 1/7
  1047 | D:2      | Learned a level 3 spell: Mephitic Cloud
  1148 | D:2      | Found a stormy altar of Qazlal.
  2179 | D:3      | Reached XP level 4. HP: 22/22 MP: 4/8
  2179 | D:3      | Gained a life (2 lives remaining)
  3013 | D:3      | Noticed a phantom
  3116 | D:3      | Reached XP level 5. HP: 26/26 MP: 4/10
  3480 | D:3      | Killed a phantom
  3745 | D:4      | Identified the ring of Iduodghy {rF+ rN+ Will+ MP+9 Str+6}
  3811 | D:4      | Found a staircase to the Ecumenical Temple.
  3821 | Temple   | Entered the Ecumenical Temple
  3828 | Temple   | Became a worshipper of the Wu Jian Council
  3872 | D:4      | Gained mutation: You are covered in thick fur. (AC +2)
                  | [Felid growth]
  3872 | D:4      | Reached XP level 6. HP: 20/30 MP: 11/11
  4618 | D:5      | Entered Level 5 of the Dungeon
  4651 | D:5      | Slain by a sleepcap
  4651 | D:5      | Lost a life (1 life remaining)
  4968 | D:5      | Reached skill level 1 in Shapeshifting
  4968 | D:5      | Reached XP level 7. HP: 35/35 MP: 13/13
  4968 | D:5      | Gained a life (2 lives remaining)
  5181 | D:5      | Noticed Pikel
  5217 | D:5      | Killed Pikel
  5218 | D:5      | Reached skill level 5 in Dodging
  5218 | D:5      | Reached XP level 8. HP: 22/40 MP: 5/14
  5870 | D:6      | Noticed PaiMei's ghost (novice DsNe)
  5870 | D:6      | Found a runed translucent door.
  6235 | D:6      | Reached * piety under Wu Jian
  6318 | D:6      | Learned a level 4 spell: Olgreb's Toxic Radiance
  6866 | D:6      | Found a broken altar of Ashenzari.
  6970 | D:7      | Found Salecaachi's Distillery.
  6997 | D:7      | Reached skill level 1 in Air Magic
  7158 | D:7      | Noticed Joseph
  7206 | D:7      | Killed Joseph
  7207 | D:7      | Reached XP level 9. HP: 16/46 MP: 16/16
  7588 | D:7      | Found a hazy altar of Hepliaklqana.
  7989 | D:8      | Reached skill level 5 in Unarmed Combat
  8044 | D:8      | Found a flagged portal.
  8066 | Bailey   | Entered a bailey
  8129 | Bailey   | Reached ** piety under Wu Jian
  8133 | Bailey   | Reached skill level 5 in Fighting
  8489 | Bailey   | Noticed a gargoyle
  8494 | Bailey   | Killed a gargoyle
  8518 | Bailey   | Identified the +10 plate armour of Glamorous Creativity
                  | {rF+}
  8594 | D:8      | Found an ancient bone altar of Kikubaaqudgha.
  8617 | D:8      | Reached *** piety under Wu Jian
  8634 | D:8      | Slain by an orc
  8634 | D:8      | Lost a life (1 life remaining)
  8691 | D:8      | Noticed Maurice
  8705 | D:8      | Killed Maurice
  8706 | D:8      | Reached skill level 5 in Spellcasting
  8984 | D:8      | Reached XP level 10. HP: 48/53 MP: 18/18
  8984 | D:8      | Gained a life (2 lives remaining)
  9046 | D:8      | Reached skill level 5 in Alchemy
  9074 | D:8      | Slain by a centaur warrior skeleton
  9074 | D:8      | Lost a life (1 life remaining)
  9186 | D:8      | Found a viscous altar of Jiyva.
  9461 | D:8      | Reached skill level 5 in Shapeshifting
  9611 | D:8      | Slain by a hellwing
  9611 | D:8      | Lost a life (0 lives remaining)
 10530 | D:9      | Noticed a two-headed ogre
 11107 | D:9      | Killed a two-headed ogre
 11108 | D:9      | Reached skill level 5 in Stealth
 11211 | D:9      | Noticed a deep elf pyromancer
 11260 | D:9      | Noticed a brown ugly thing
 11517 | D:9      | Found a staircase to the Lair.
 11581 | D:9      | Killed a brown ugly thing
 11595 | D:9      | Reached skill level 10 in Dodging
 11984 | D:9      | Reached **** piety under Wu Jian
 11985 | D:9      | Reached XP level 11. HP: 55/58 MP: 19/19
 12156 | D:9      | Noticed a two-headed ogre
 12174 | D:9      | Killed a two-headed ogre
 12407 | D:9      | Killed a deep elf pyromancer
 12468 | D:9      | Got the Treatise on the Burning Volcano
 12478 | D:9      | Learned a level 3 spell: Tukima's Dance
 12511 | D:10     | Entered Level 10 of the Dungeon
 12884 | D:10     | Found a staircase to the Orcish Mines.
 13065 | D:10     | Found a glowing silver altar of Zin.
 13843 | D:11     | Noticed a centaur warrior
 14166 | Lair:1   | Entered Level 1 of the Lair of Beasts
 15265 | Lair:2   | Found a staircase to the Snake Pit.
 15586 | Lair:2   | Gained mutation: Your thick and shaggy fur keeps you warm.
                  | (AC +3, rC+) [Felid growth]
 15586 | Lair:2   | Reached XP level 12. HP: 66/66 MP: 19/20
 15642 | Lair:2   | Found an ancient bone altar of Kikubaaqudgha.
 15779 | Lair:2   | Noticed a catoblepas
 15896 | Lair:2   | Noticed Gastronok
 16181 | Lair:2   | Reached ***** piety under Wu Jian
 16469 | Lair:2   | Killed a catoblepas
 17325 | Lair:3   | Identified the scarf "Amutihox" {harm, rF++}
 17384 | Lair:3   | Reached skill level 10 in Unarmed Combat
 17594 | Lair:3   | Noticed a boulder beetle
 17606 | Lair:3   | Killed a boulder beetle
 17607 | Lair:3   | Reached skill level 10 in Fighting
 17934 | Lair:4   | Noticed a seven-headed hydra
 18154 | Lair:4   | Found a viscous altar of Jiyva.
 18154 | Lair:4   | Found a staircase to the Slime Pits.
 18306 | Lair:4   | Killed a seven-headed hydra
 18319 | Lair:4   | Reached XP level 13. HP: 48/72 MP: 21/21
 18319 | Lair:4   | Gained a life (1 life remaining)
 19144 | Lair:5   | Entered Level 5 of the Lair of Beasts
 19475 | Lair:5   | Noticed Urug
 19996 | Lair:5   | Reached skill level 1 in Evocations
 20412 | Lair:5   | Noticed Snorg
 20679 | Lair:5   | Killed Snorg
 21422 | Lair:5   | Noticed Rupert
 21454 | Lair:5   | Killed Urug
 21853 | Lair:5   | Killed Rupert
 22085 | Lair:5   | HP: 1/74 [eight-headed hydra (9)]
 22088 | Lair:5   | Reached skill level 15 in Dodging
 22237 | Lair:5   | Identified the +2 trident of Keiguzxy {venom, ^Contam rC+++
                  | Will- SInv}
 22383 | Lair:5   | Found a large runed translucent door.
 22437 | Lair:5   | Found a large runed translucent door.
 22499 | Lair:5   | Reached XP level 14. HP: 79/79 MP: 18/22
 22764 | Lair:2   | Found a staircase to the Swamp.
 23080 | Lair:2   | Killed Gastronok
 23745 | D:11     | Noticed Grum
 23767 | D:11     | Killed Grum
 24272 | D:12     | Noticed Nessos
 24281 | D:12     | Noticed Nergalle
 24668 | D:12     | Noticed Jorgrun
 24802 | Orc:1    | Entered Level 1 of the Orcish Mines
 24875 | Orc:2    | Entered Level 2 of the Orcish Mines
 25011 | Orc:2    | Found a staircase to the Elven Halls.
 25031 | Orc:2    | Reached skill level 10 in Shapeshifting
 25728 | Orc:2    | Found a transporter.
 25734 | Orc:2    | Noticed terwaltz's ghost (journeyman FoCA)
 25748 | Orc:2    | Found a transporter.
 26116 | Orc:2    | Reached ****** piety under Wu Jian
 27041 | Orc:2    | Found Puoser's Armour Emporium.
 27041 | Orc:2    | Found Heuront's Distillery.
 27042 | Orc:2    | Found Riguchub's General Store.
 27042 | Orc:2    | Found Duca's Magic Scroll Emporium.
 27054 | Orc:2    | Bought a scroll of acquirement for 832 gold pieces
 27054 | Orc:2    | Acquired 443 gold pieces
 27057 | Orc:2    | Bought a potion of mutation for 104 gold pieces
 27057 | Orc:2    | Bought a potion of curing for 39 gold pieces
 27058 | Orc:2    | Bought a scroll of blinking for 120 gold pieces
 27060 | Orc:2    | Bought a scroll of teleportation for 42 gold pieces
 27060 | Orc:2    | Bought a potion of haste for 140 gold pieces
 27060 | Orc:2    | Bought a potion of curing for 42 gold pieces
 27060 | Orc:2    | Bought a scroll of immolation for 56 gold pieces
 27829 | Lair:5   | HP: 3/81 [lava snake/glob of lava (13)]
 28452 | Elf:1    | Entered Level 1 of the Elven Halls
 28545 | Elf:1    | Found Erhethiz's General Store.
 28549 | Elf:1    | Found Ohi Qolapn's Weapon Emporium.
 28567 | Elf:1    | Bought a potion of might for 48 gold pieces
 28611 | Elf:1    | Found Poafi's Weapon Shop.
 29193 | Snake:1  | Entered Level 1 of the Snake Pit
 29278 | Snake:1  | HP: 3/81 [black mamba[a naga ritualist] (14)]
 29280 | Snake:1  | Succumbed to a naga ritualist's toxic radiance
 29280 | Snake:1  | Lost a life (0 lives remaining)
 29562 | Lair:2   | Reached XP level 15. HP: 44/85 MP: 23/23
 29798 | Swamp:1  | Entered Level 1 of the Swamp
 29804 | Swamp:1  | Gained mutation: Your spells are a little harder to cast,
                  | but a little more powerful. [potion of mutation]
 29804 | Swamp:1  | Lost mutation: Your spells are a little harder to cast, but
                  | a little more powerful. [potion of mutation]
 31157 | Swamp:1  | Found a blossoming altar of Fedhas.
 32886 | Swamp:2  | Gained mutation: You have a pair of small horns on your
                  | head. [potion of mutation]
 32886 | Swamp:2  | Gained mutation: Your muscles are strong. (Str +4, Int/Dex
                  | -1) [potion of mutation]
 32886 | Swamp:2  | Gained mutation: You have a pair of horns on your head.
                  | [potion of mutation]
 33389 | Swamp:3  | Noticed Roxanne
 33900 | Swamp:3  | Killed Roxanne
 34774 | Swamp:3  | Found a runed translucent gate.
 34774 | Swamp:3  | Found a runed translucent gate.
 34774 | Swamp:3  | Found a runed translucent gate.
 34775 | Swamp:3  | Noticed puppykicker's ghost (adept FoCA)
 35137 | Swamp:4  | Entered Level 4 of the Swamp
 35489 | Swamp:4  | Reached XP level 16. HP: 52/91 MP: 24/24
 35489 | Swamp:4  | Gained a life (1 life remaining)
 35522 | Swamp:4  | Noticed a tentacled monstrosity
 35534 | Swamp:4  | Killed a tentacled monstrosity
 36477 | Swamp:4  | Got a decaying rune of Zot
 38000 | Snake:1  | Found Lowisaro's Assorted Antiques.
 38008 | Snake:1  | Bought a potion of curing for 126 gold pieces
 38008 | Snake:1  | Bought a potion of curing for 126 gold pieces
 38008 | Snake:1  | Bought a potion of mutation for 336 gold pieces
 38008 | Snake:1  | Bought a wand of roots (5) for 504 gold pieces
 38238 | Snake:2  | Reached skill level 15 in Shapeshifting
 38546 | Snake:2  | Noticed Agnes
 38555 | Snake:2  | Killed Agnes
 38564 | Snake:1  | Identified the +0 pair of gloves of the Tick {rCorr Int+4
                  | Dex+3}
 39346 | Snake:3  | Identified the serpent talisman of Ariguat {Int+2}
 39346 | Snake:3  | Noticed Aizul
 39354 | Snake:3  | Reached XP level 17. HP: 95/95 MP: 25/25
 39355 | Snake:3  | Killed Aizul
 39412 | Snake:3  | Found Bues Loj's Jewellery Shoppe.
 39412 | Snake:3  | Found Qilouvvu's Magic Scroll Emporium.
 39413 | Snake:3  | Found Riam's Assorted Antiques.
 39415 | Snake:3  | Found Xoum's Antique Armour Shoppe.
 39434 | Snake:3  | Bought a scroll of fog for 76 gold pieces
 39434 | Snake:3  | Bought a scroll of fear for 76 gold pieces
 39434 | Snake:3  | Bought a scroll of butterflies for 76 gold pieces
 39612 | Snake:3  | Found Piopuivos's Armour Shop.
 40149 | Snake:4  | Entered Level 4 of the Snake Pit
 41749 | Snake:4  | Got a serpentine rune of Zot
 42108 | Elf:1    | Noticed Asterion
 42112 | Elf:1    | Killed Asterion
 42174 | Elf:1    | Noticed Donald
 42185 | Elf:1    | Killed Donald
 42278 | Abyss:3  | Cast into level 3 of the Abyss (+2 trident of distortion)
 42356 | Abyss:3  | Reached XP level 18. HP: 102/102 MP: 26/26
 42365 | Abyss:3  | Found a shimmering blue altar of Sif Muna.
 42371 | Abyss:3  | Noticed a profane servitor
 42386 | Abyss:3  | Identified the amulet of Luxiewn {RegenMP Str+4}
 42399 | Abyss:3  | Got the Handbook of Attendants
 42697 | Elf:1    | Escaped the Abyss
 43288 | Elf:2    | Reached skill level 15 in Fighting
 43292 | Elf:2    | Reached skill level 15 in Unarmed Combat
 43312 | Elf:2    | Reached skill level 10 in Stealth
 43631 | Elf:2    | Found Gugimma's Book Shoppe.
 43720 | Elf:2    | Found a runed translucent gate.
 43721 | Elf:2    | Found a runed translucent gate.
 43721 | Elf:2    | Found a runed translucent gate.
 43888 | Elf:3    | Entered Level 3 of the Elven Halls
 43966 | Elf:3    | Found a large runed translucent door.
 43967 | Elf:3    | Found a large runed translucent door.
 43970 | Elf:3    | Noticed Doblui's ghost (adept MiFi)
 44724 | Elf:3    | Noticed a Brimstone Fiend
 44725 | Elf:3    | Noticed an Ice Fiend
 44947 | Elf:3    | Identified the +3 plate armour of Hygeisap {rF+ rC- rN+}
 44947 | Elf:3    | Identified the ring of Sinwios {rPois rF+ SInv}
 45285 | Elf:3    | Noticed a Hell Sentinel
 45618 | Elf:3    | Got Cicwirhal's Directory of Charming Creation
 45653 | Elf:3    | HP: 2/136 [deep elf master archer/arrow (23)]
 45958 | Elf:3    | Identified the +1 robe of the Invisible Hand {rN++}
 45963 | Elf:3    | Got the Book of Calculation
 45970 | Elf:3    | Identified the +7 long sword of Uskayaw's Fury {drain,
                  | rElec rC+ Stlth+}
 45973 | Elf:3    | Identified the +13 chain mail of the Nightingale {Str+2
                  | Slay+5}
 45978 | Elf:3    | Got the Folio of Kindled Scree
 45989 | Elf:3    | Identified the +11 battleaxe "Vanluosm" {drain, rElec Str+3
                  | Int-5 Stlth+}
 45998 | Elf:3    | Identified the +4 rapier of the Old World {freeze, ^Drain
                  | rC+ Int+3}
 46062 | Elf:3    | Got the Discourse on the Flamy Wendigo
 46385 | D:12     | Noticed Azrael
 46394 | D:12     | Killed Azrael
 46400 | D:12     | Killed Nergalle
 46401 | D:12     | Reached XP level 19. HP: 109/109 MP: 27/27
 46401 | D:12     | Gained a life (2 lives remaining)
 46409 | D:12     | Killed Jorgrun
 46698 | D:13     | Found a gate to the Vaults.
 48149 | D:15     | Entered Level 15 of the Dungeon
 48405 | D:15     | Found a staircase to the Depths.
 48765 | Vaults:1 | Entered Level 1 of the Vaults
 49143 | Depths:1 | Entered Level 1 of the Depths
 49386 | Depths:2 | Found a gateway to Hell.
 49504 | Depths:2 | Identified the staff "Imno" {+Blink rElec Str+5 Int-4 Air}
 49621 | Depths:2 | Found a one-way gate leading to the halls of Pandemonium.
 49736 | Depths:3 | Lost mutation: Your muscles are strong. (Str +4, Int/Dex
                  | -1) [a cacodemon]
 50009 | Depths:3 | Found a one-way gate to the infinite horrors of the Abyss.
 50017 | Depths:3 | Voluntarily entered the Abyss.
 50052 | Abyss:3  | Reached XP level 20. HP: 116/116 MP: 18/28
 50077 | Abyss:3  | Paralysed by accursed screaming for 2 turns
 50081 | Abyss:3  | Paralysed by accursed screaming for 2 turns
 50116 | Abyss:3  | Got an abyssal rune of Zot
 50126 | Depths:3 | Escaped the Abyss
 50178 | Depths:3 | Reached skill level 15 in Stealth
 50251 | Depths:4 | Entered Level 4 of the Depths
 50313 | Depths:3 | HP: 2/150 [vampire knight/+0 battleaxe (28)]
 50551 | Depths:4 | Found a gate to the Realm of Zot.
 50551 | Depths:4 | Noticed a golden dragon
 50558 | Depths:4 | Killed a golden dragon
 50682 | Depths:4 | Got a midnight gem with 910 turns to spare
 50684 | Zot:1    | Entered Level 1 of the Realm of Zot
 50688 | Zot:1    | Noticed a dread lich
 50688 | Zot:1    | Noticed a dread lich
 50800 | Zot:4    | Found a transporter.
 50823 | Zot:4    | Noticed a golden dragon
 50831 | Zot:4    | Killed a golden dragon
 50854 | Zot:5    | Entered Level 5 of the Realm of Zot
 50956 | Zot:5    | Got a prismatic gem with 615 turns to spare
 50997 | Zot:5    | Noticed an orb of fire
 51003 | Zot:5    | Killed an orb of fire
 51014 | Zot:5    | Noticed an ancient lich
 51015 | Zot:5    | Noticed a Killer Klown
 51017 | Zot:5    | Noticed a dread lich
 51018 | Zot:5    | Noticed an orb of fire
 51018 | Zot:5    | Noticed a dread lich
 51021 | Zot:5    | Killed a Killer Klown
 51023 | Zot:5    | Killed an ancient lich
 51025 | Zot:5    | Killed a dread lich
 51026 | Zot:5    | Gained mutation: Your health recovers twice as slowly from
                  | being drained. [an orb of fire]
 51027 | Zot:5    | Killed a dread lich
 51027 | Zot:5    | Killed an orb of fire
 51032 | Zot:5    | Noticed an orb of fire
 51035 | Zot:5    | Noticed an orb of fire
 51035 | Zot:5    | Noticed an orb of fire
 51037 | Zot:5    | Killed an orb of fire
 51037 | Zot:5    | Reached XP level 21. HP: 38/123 MP: 29/29
 51037 | Zot:5    | Killed an orb of fire
 51040 | Zot:5    | Gained mutation: You are weak. (Str -2) [an orb of fire]
 51041 | Zot:5    | HP: 5/159 [orb of fire/fireball (15)]
 51042 | Zot:5    | Mangled by a black draconian knight
 51042 | Zot:5    | Lost a life (1 life remaining)
 51091 | Zot:5    | Gained mutation: Your body sometimes deteriorates upon
                  | taking damage. [an orb of fire]
 51092 | Zot:5    | Killed an orb of fire
 51106 | Zot:5    | Identified the +5 rapier of the Philosopher {distort, rF+
                  | Int+2}
 51157 | Zot:5    | Noticed a dread lich
 51157 | Zot:5    | Noticed a curse toe
 51158 | Zot:5    | Noticed a dread lich
 51160 | Zot:5    | Noticed a Killer Klown
 51160 | Zot:5    | Noticed an orb of fire
 51163 | Zot:5    | Killed a dread lich
 51166 | Zot:5    | Killed an orb of fire
 51166 | Zot:5    | Killed a Killer Klown
 51167 | Zot:5    | Noticed a Killer Klown
 51167 | Zot:5    | Noticed a curse toe
 51182 | Zot:5    | Noticed a dread lich
 51182 | Zot:5    | Killed a Killer Klown
 51184 | Zot:5    | Noticed a golden dragon
 51186 | Zot:5    | Killed a dread lich
 51191 | Zot:5    | Killed a dread lich
 51195 | Zot:5    | Killed a golden dragon
 51198 | Zot:5    | Killed a curse toe
 51204 | Zot:5    | Killed a curse toe
 51211 | Zot:5    | Got the Orb of Zot
 51447 | Depths:2 | Noticed Voddi the pandemonium lord
 51463 | Depths:1 | Noticed a seraph
 51812 | D:$      | Escaped with the Orb!

Illustrated notes

Levels and vault maps discovered:
D:1:      minmay_arrival_glassed_features, layout_loops_ring,
          minmay_gold_behind_fungi, minmay_misc_feat_hallway
D:2:      layout_loops_ring, basic_altar, hangedman_abyss_or_decor_lesser_grid
D:3:      layout_basic
D:4:      layout_basic, temple_hall
D:5:      layout_cave_pods, minmay_manual_mail, uniq_pikel
D:6:      layout_loops_corners, mainiacjoe_overflow_brackets,
          hellmonk_ghost_happy_afterlife
D:7:      layout_basic, nicolae_hepliaklqana_monster_ancestors, serial_shops,
          nicolae_take_the_stairs, minmay_strange_pillars, hex_intersection,
          uniq_joseph
D:8:      cheibrodos_grave_circle, layout_loops_ring,
          mainiacjoe_overflow_small_starburst, enter_bailey_3, jiyva_altar_1,
          uniq_maurice
D:9:      layout_cave_pools, hellmonk_lair_entry_icy, serial_column_ruins,
          column_ruins_courtyard_long, column_ruins_open_small,
          column_ruins_grid_1, column_ruins_grid_3, column_ruins_open_tiny,
          column_ruins_grid_1, minmay_diamond_spiral
D:10:     layout_roguey, nicolae_overflow_crystal_walls, david_orc_5
D:11:     layout_rooms, roderic_filled_cross, uniq_grum
D:12:     layout_cave_pools, serial_park, serial_park_fountain,
          serial_park_avenue1, serial_park_tiny_pond, serial_park_tiny_2,
          uniq_azrael, uniq_jorgrun, uniq_nergalle, uniq_nessos
D:13:     layout_stronghold, lightli_vaults_fourway_checkpoint
D:14:     layout_long_grid, minmay_misc_feat_secret_circle,
          corexii_leaking_fountain, columned_hall_lemuel
D:15:     gammafunk_enter_depths_forms, layout_basic, nicolae_eternal_life,
          kennysheep_crisscross
Temple:   nicolae_temple_no_exploring_needed
Lair:1:   layout_loops_ring, minmay_stone_trees_small
Lair:2:   layout_cave_pods, minmay_swamp_entry_swarm, dummy_snake_entry,
          basic_altar, uniq_gastronok
Lair:3:   layout_cave_pods
Lair:4:   layout_roguey, slime_entry_1, lemuel_fruit_tree, wad_woods_river_01
Lair:5:   cheibrodos_lair_end_hotspot, layout_gridlike, uniq_urug, uniq_rupert,
          uniq_snorg
Swamp:1:  layout_basic_swamp, evilmike_swamp_ruin_house_5,
          nicolae_swamp_godswood
Swamp:2:  layout_basic_swamp, portal_ice_cave_entry_ice_simulacra,
          evilmike_swamp_ruin_house_4
Swamp:3:  layout_basic_swamp, gammafunk_ghost_necromancy,
          evilmike_swamp_ruin_wall, swamp_pool_3, nicolae_swamp_tree_isthmus,
          uniq_roxanne
Swamp:4:  nzn_swamp_witches_coven, layout_basic_swamp,
          infiniplex_staircase_pool_2
Snake:1:  layout_onion, serial_shops, shop, nrook_guardian_serpent_ordinary,
          grunt_megastairs_4
Snake:2:  layout_rooms, uniq_agnes
Snake:3:  layout_rooms, serial_shops, nicolae_shop_waterfront, drop_trap,
          grunt_megastairs_2, minmay_shoptagon, uniq_aizul
Snake:4:  grunt_snake_rune_serpentine_throne, layout_chambers,
          serial_library_hellmonk_hallway_a, grunt_megastairs_5
Orc:1:    layout_diamond_mine
Orc:2:    st_orc_pillars, layout_caves, gammafunk_ghost_berserking_beasts
Elf:1:    layout_loops_corners, serial_shops, shop, evilmike_minifort,
          minmay_shop_star, uniq_asterion, uniq_donald
Elf:2:    nicolae_elf_blades_crystal_corner, layout_gridlike, serial_shops,
          nicolae_stop_n_shop_1
Elf:3:    elf_hall_gauntlet_wide, layout_geoelf_castle,
          ebering_ghost_disaster_area, drop_trap
Vaults:1: v_misc_18, nicolae_vaults_rhombus_7, nicolae_vaults_house_2,
          nicolae_vaults_theta, nicolae_vaults_house_1, v_misc_30,
          nicolae_vaults_heist, dpeg_vaults_monster_row,
          nicolae_vaults_asterisk, vaults_room_grid, grunt_vaults_bifocal,
          nicolae_vaults_little_squares_6, vaults_room_pools,
          ontoclasm_vaults_ligature, vaults_room_pool, layout_vaults_ring
Vaults:2: hangedman_vaults_impose, nicolae_vaults_shipping_containers_3,
          vaults_room_pools, v_alt_pattern_3, v_rooms_3,
          nicolae_vaults_closet_pinwheel_1, nicolae_vaults_tetromino_L_1,
          nicolae_vaults_trapezoid_lopsided_3, v_rooms_4, nicolae_vaults_theta,
          nicolae_vaults_trapezoid_2, v_misc_2, nicolae_vaults_double_plus_1,
          layout_vaults_omnibox
Vaults:3: nicolae_vaults_cochlea, vaults_room_boxed,
          minmay_crypt_entry_necro_gods, nicolae_vaults_sealed_display,
          vaults_dpeg_hooks, ontoclasm_vaults_chip, hangedman_vaults_cutoff,
          nicolae_vaults_heart-shaped_vault, nicolae_vaults_disjoint_gnomons,
          vaults_room_door_ring, vaults_dpeg_cross, vaults_dpeg_diagonal,
          ontoclasm_vaults_gallery, vaults_room_stairs_pillars,
          layout_vaults_maze_bifur, serial_shops, bzr_entry_dummy
Depths:1: minmay_octo_star, layout_cave_pools, enter_ziggurat_c,
          hangedman_coc_ice_floe, hex_tiny, amcnicky_mini_corridor_feature,
          minmay_crystal_water, lemuel_old_faithful
Depths:2: evilmike_diamond_2, layout_honeycomb,
          amcnicky_mini_rare_corridor_liquid, hell_entry,
          rand_demon_pan_entry_7, abyss_entry
Depths:3: cheibrodos_quadrivalence, layout_gridville, kennysheep_nub,
          hell_entry, nicolae_abyss_entry_one_way_or_another,
          rand_demon_pan_entry_4, minmay_staircase_statues
Depths:4: grunt_zot_entry_funnels, layout_gridlike, grunt_hell_entry_dis_mu,
          minmay_door_square, nicolae_trove_entry_isolated,
          rand_demon_pan_entry_5, nicolae_gozag_seed_capital, uniq_vv,
          uniq_frederick
Zot:1:    hellmonk_paralyzer, layout_concentric_octagons, st_stairs_5
Zot:2:    layout_misc_corridors
Zot:3:    layout_cathedral_of_symmetry, grunt_megastairs_3
Zot:4:    layout_basic, nicolae_diode_basic
Zot:5:    layout_gridlike

Skill      XL: |  1  2  3  4  5  6  7  8  9 10 11 12 13 14 15 16 17 18 19 20 21 |
---------------+----------------------------------------------------------------+-----
Conjurations   | 1 2 |  2.0
Dodging        | 3 4 5 7 8 10 11 13 15 16 17 18 19 | 19.8
Unarmed Combat | 1 2 3 4 6 7 9 10 11 12 13 14 15 16 18 19 | 19.2
Fighting       | 1 2 3 4 6 7 9 10 11 12 13 14 15 16 18 19 | 19.3
Alchemy        | 3 4 5 |  5.0
Stealth        | 3 4 6 8 12 14 15 | 15.0
Spellcasting   | 3 4 5 |  5.0
Shapeshifting  | 1 2 3 4 5 7 8 9 10 12 16 17 18 19 | 19.6
Air Magic      | 2 |  2.0
Evocations     | 4 |  4.0

Action                     |  1- 3 |  4- 6 |  7- 9 | 10-12 | 13-15 | 16-18 | 19-21 || total
---------------------------+-------+-------+-------+-------+-------+-------+-------++-------
  Melee: Unarmed           |    44 |    52 |   220 |   499 |  1138 |  1107 |   988 ||  4048
         Bite              |     6 |     6 |    31 |    71 |   167 |   128 |   133 ||   542
         Punch             |       |     3 |    12 |    38 |   122 |    77 |   120 ||   372
         Headbutt          |       |       |       |       |    44 |   194 |   252 ||   490
         Maw               |       |       |       |       |       |       |     9 ||     9
   Cast: Sting             |    76 |    90 |   140 |   100 |       |       |       ||   406
         Mercury Vapours   |       |     1 |     6 |     3 |       |       |       ||    10
         Mephitic Cloud    |       |       |     6 |    61 |   138 |       |     5 ||   210
         Olgreb's Toxic Ra |       |       |       |    31 |    78 |       |     1 ||   110
         Tukima's Dance    |       |       |       |       |     1 |       |       ||     1
 Invoke: Serpent's Lash    |       |       |       |     6 |    28 |    16 |    22 ||    72
         Heavenly Storm    |       |       |       |       |       |     2 |     3 ||     5
Ability: Lunge             |       |     3 |    21 |    63 |   110 |   110 |    83 ||   390
         Whirlwind         |       |       |    23 |    60 |   268 |   365 |   309 ||  1025
         Wall Jump         |       |       |       |       |       |     1 |     2 ||     3
  Evoke: Wand              |       |       |       |    12 |    37 |       |     5 ||    54
         Box of beasts     |       |       |       |     2 |     4 |     1 |       ||     7
         Lightning rod     |       |       |       |       |     4 |     1 |       ||     5
    Use: Scroll            |     7 |     3 |     8 |     7 |    12 |     5 |    10 ||    52
         Potion            |       |       |     2 |    10 |    17 |     1 |    15 ||    45
   Stab: Sleeping          |       |     3 |    16 |     9 |    14 |    36 |    28 ||   106
         Confused          |       |       |     2 |    40 |    67 |       |     4 ||   113
         Distracted        |       |       |     1 |       |     4 |     9 |       ||    14
         Invisible         |       |       |       |       |     6 |       |       ||     6
         Petrifying        |       |       |       |       |       |     1 |       ||     1
 Armour: Skin              |    16 |    28 |    86 |   143 |   314 |   517 |   431 ||  1535
  Dodge: Dodged            |    62 |    61 |   233 |   416 |   929 |  1426 |  1330 ||  4457
   Form: Statue            |       |       |       |       |     1 |       |       ||     1
         Maw               |       |       |       |       |       |       |     1 ||     1
